Map: Void Thrashing

Players

Keksud

  • Race: Terran Terran
  • Spawn Location: 6:00

NamroodTuo

  • Race: Zerg Zerg
  • Spawn Location: 9:00

VOD

Have the link to the VOD?

Description

Time

  • Played on: Jan. 5, 2023, 12:48 p.m.
  • Length: 22:54
Show
View Real Time Build Order
Export as new Build Order

Keksud Terran 

Build Orders:  

Get SALT Encoding   

  12  0:22  Refinery  
  12  0:40  Refinery  
  12  0:57  SCV  
  13  1:14  SCV  
  14  1:31  SCV  
  14  1:35  Barracks  
  15  1:58  Supply Depot  
  15  2:28  SCV  
  16  2:30  Supply Depot  
  16  2:39  Factory  
  16  2:45  SCV  
  17  2:50  Marine  
  18  3:02  SCV  
  18  3:03  Marine  
  20  3:15  Marine  
  20  3:19  SCV  
  22  3:28  Marine  
  23  3:36  SCV  
  24  3:45  Starport  
  24  3:46  Vulture  
  26  3:53  SCV  
  26  3:54  Marine  
  28  4:06  Marine  
  29  4:33  Marine  
  30  4:46  Marine  
  31  5:27  Starport Tech Lab  
  31  5:28  Fusion Core  
  31  5:40  Supply Depot  
  31  6:10  Vulture, Marine, SCV  
  31  6:13  Supply Depot  
  35  6:22  Vulture, Marine  
  35  6:27  SCV  
  39  6:36  Marine  
  39  6:38  Vulture  
  39  6:43  Battlecruiser  
  39  6:44  SCV, Supply Depot  
  46  7:00  Barracks Reactor  
  46  7:01  SCV  
  46  7:04  Weapon Refit  
  47  7:38  Marine  
  47  7:50  Marine  
  47  7:57  Marine  
  49  8:01  Command Center  
  49  8:02  Marine  
  50  8:10  Marine  
  50  8:15  Marine  
  52  8:29  Vulture  
  54  9:41  Vulture  
  54  9:43  SCV  
  54  9:49  Battlecruiser  
  63  9:53  Vulture  
  65  10:00  SCV  
  65  10:06  Vulture  
  68  10:17  SCV  
  69  10:34  SCV  
  66  10:51  SCV  
  55  11:08  SCV  
  47  11:20  Battlecruiser  
  47  11:23  Vulture  
  47  11:25  SCV  
  47  11:26  Marine  
  57  11:35  Vulture  
  57  11:36  Supply Depot  
  59  11:42  SCV  
  59  11:48  Vulture  
  62  11:59  SCV  
  63  12:00  Vulture  
  63  12:06  Battlecruiser  
  71  12:18  SCV  
  72  12:21  Marine x2  
  72  12:28  Supply Depot  
  74  12:33  Marine x2  
  74  12:35  SCV  
  77  12:46  Marine  
  78  12:58  Marine x2, SCV  
  78  12:59  Supply Depot  
  81  13:10  Marine  
  81  13:15  SCV  
  81  13:30  Supply Depot  
  81  13:32  SCV  
  63  15:03  Battlecruiser  
  63  15:09  SCV  
  70  15:17  Refinery  
  70  15:26  SCV  
  71  15:43  SCV  
  71  15:48  Battlecruiser  
  78  16:00  SCV  
  79  16:17  SCV  
  80  16:33  Battlecruiser  
  80  16:39  Vulture  
  88  16:42  Marine x2  
  90  16:51  Vulture  
  90  16:54  Marine x2  
  94  17:04  Vulture  
  94  17:06  Marine  
  94  17:07  Marine  
  76  17:16  Vulture  
  76  17:18  Battlecruiser  
  76  17:19  Marine x2  
  82  17:29  Vulture  
  73  18:03  Battlecruiser  
  77  18:48  Battlecruiser  
  73  19:07  Vulture  
  75  19:10  Marine x2  
  75  19:19  Vulture  
  71  19:22  Marine x2  
  70  19:32  Vulture  
  70  19:35  Marine x2  
  72  19:44  Vulture  
  72  19:47  Marine x2  
  72  19:57  Vulture  
  72  19:59  Battlecruiser  
  70  20:09  Vulture, Marine x2  
  60  20:21  Marine x2  
  60  20:22  Vulture  
  62  20:34  Vulture, Marine x2  
  64  20:44  Battlecruiser  
  64  20:46  Marine x2  
  72  20:59  Marine x2  
  72  21:11  Marine x2  
  74  21:23  Marine  
  74  21:24  Marine  
  74  21:29  Battlecruiser  
  81  21:45  SCV  
  77  22:02  SCV  
  71  22:18  SCV, Supply Depot  
  69  22:35  SCV  
Show
View Real Time Build Order
Export as new Build Order

NamroodTuo Zerg 

Build Orders:  

Get SALT Encoding   

  12  0:07  Drone  
  13  0:24  Overlord  
  13  0:45  Spawning Pool  
  12  0:57  Drone  
  12  0:59  Drone  
  14  1:02  Drone  
  15  1:12  Drone  
  16  1:30  Drone  
  16  1:32  Overlord  
  16  1:36  Drone  
  18  1:48  Drone  
  19  1:57  Extractor  
  18  2:01  Extractor  
  18  2:02  Drone  
  18  2:20  Drone  
  19  2:33  Drone  
  20  2:47  Drone  
  21  3:08  Drone  
  22  3:17  Drone  
  23  3:34  Drone  
  24  3:41  Metabolic Boost  
  24  3:52  Evolution Chamber  
  24  3:56  Zergling x2  
  24  4:09  Drone  
  25  4:25  Drone  
  26  4:35  Heroic Fortitude  
  26  4:43  Lair  
  26  5:35  Zerg Ground Armor Level 1  
  26  5:54  Zergling x6  
  26  5:55  Zergling x2  
  26  5:59  Overlord x2  
  30  6:24  Hive  
  30  6:33  Overlord  
  30  6:34  Overlord  
  30  7:30  Hatchery  
  29  7:47  Drone x4  
  29  7:48  Drone  
  34  8:01  Hydralisk Den  
  34  8:09  Adrenal Overload  
  33  8:15  Zerg Melee Weapons Level 1  
  33  8:20  Extractor  
  33  8:21  Extractor  
  30  8:34  Unknown, Ventral Sacs  
  26  9:46  Muscular Augments  
  26  9:54  Drone x4  
  26  9:55  Drone x2  
  32  10:01  Overlord x2  
  32  10:02  Overlord x4  
  32  10:34  Overlord x3  
  32  10:35  Overlord  
  32  10:54  Zerg Missile Weapons Level 1, Drone  
  33  11:09  Drone  
  34  11:22  Drone  
  35  12:06  Drone x3  
  38  12:28  Zergling x14  
  38  12:29  Zergling x2  
  46  13:16  Zergling x6  
  49  13:29  Drone  
  44  13:34  Zerg Ground Armor Level 2  
  44  13:38  Spine Crawler  
  42  13:48  Drone x4  
  42  13:49  Drone  
  47  14:26  Hydralisk x6  
  59  14:37  Drone  
  58  14:49  Hatchery  
  55  15:36  Spine Crawler  
  54  15:40  Spine Crawler  
  54  15:41  Drone  
  54  15:42  Drone x2  
  54  15:45  Hydralisk  
  58  16:44  Zerg Melee Weapons Level 2  
  58  16:50  Hydralisk x8  
  58  16:51  Hydralisk x7  
  86  17:38  Hydralisk  
  86  17:39  Hydralisk x9  
  106  18:27  Hydralisk  
  106  18:28  Hydralisk x8  
  56  20:00  Hydralisk x7  
  56  20:01  Hydralisk x11  
  92  20:10  Lair  
  92  20:15  Lair  
  92  20:27  Drone  
  93  21:09  Hydralisk  
  95  21:10  Hydralisk x10  
  95  21:18  Overlord  
  95  21:19  Overlord x2  
  77  22:10  Hydralisk  
  77  22:11  Hydralisk x5  
Tags
 
Matchup
Co-op
Replay Pack
Multiplayer
Add a new tag
Caveats
  • Supply blocks, unpowered buildings, or Contaminate may cause inaccurate times.
  • Supply counts are checked every 10 seconds.